 Dungeon Crawl Stone Soup version 0.30.1-3-gfc49f6343a (webtiles) character file.

Game seed: 429563561393507345

226 Atelerd the Magician (level 6, -9/36 HPs)
             Began as an Octopode Earth Elementalist on Aug 2, 2023.
             Mangled by an ogre
             ... wielding a +0 giant club
              (32 damage)
             ... on level 5 of the Dungeon.
             The game lasted 00:03:36 (2925 turns).

Atelerd the Magician (Octopode Earth Elementalist)  Turns: 2925, Time: 00:03:37

Health: -9/36      AC:  1    Str:  7    XL:     6   Next: 1%
Magic:  4/12       EV: 13    Int: 20    God:
Gold:   155        SH:  0    Dex: 12    Spells: 13/14 levels left

rFire   . . .        g - +0 dagger
rCold   . . .        (no shield)
rNeg    . . .        (helmet restricted)
rPois   .            (no amulet)
rElec   .            (no ring)
rCorr   .            (no ring)
SInv    .            (no ring)
Will    .....        (no ring)
Stlth   +++          (no ring)
HPRegen 0.26/turn    (no ring)
MPRegen 0.13/turn    (no ring)
                     (no ring)

%: no passive effects
@: no status effects
A: almost no armour, amphibious, 8 rings, camouflage 1, gelatinous body 1,
(nimble swimmer 1), tentacles
a: no special abilities


You were on level 5 of the Dungeon.
You visited 1 branch of the dungeon, and saw 5 of its levels.

You collected 155 gold pieces.

Inventory:

Hand Weapons
 g - a +0 dagger (weapon)
Wands
 q - a wand of quicksilver (17)
Scrolls
 b - a scroll of amnesia {unknown}
 c - 4 scrolls of identify {unknown}
 e - a scroll of brand weapon {unknown}
 h - a scroll of enchant weapon {unknown}
 i - 2 scrolls of magic mapping {unknown}
 m - 2 scrolls of vulnerability {unknown}
 o - a scroll of teleportation {unknown}
 p - a scroll of blinking {unknown}
 s - a scroll of fear {unknown}
Potions
 a - a potion of magic
 d - 3 potions of haste {unknown}
 f - a potion of curing {unknown}
 j - 2 potions of berserk rage {unknown}
 k - a potion of lignification {unknown}
 l - a potion of might {unknown}
 n - 2 potions of heal wounds {unknown}
 r - a potion of degeneration {unknown}


   Skills:
 - Level 0.2 Fighting
 - Level 2.0 Dodging
 - Level 2.6 Stealth
 + Level 4.6 Spellcasting
 * Level 1.2 Transmutations
 * Level 4.4 Earth Magic


You had 13 spell levels left.
You knew the following spells:

 Your Spells              Type           Power      Damage    Failure   Level
a - Sandblast             Erth           44%        2d11      1%          1

Your spell library contained the following spells:

 Spells                   Type           Power      Damage    Failure   Level
 Passwall                 Tmut/Erth      12%        N/A       6%          2
 Summon Small Mammal      Summ           16%        N/A       12%         1
 Stone Arrow              Conj/Erth      26%        3d8       14%         3
 Sublimation of Blood     Necr           4%         N/A       19%         2
 Call Canine Familiar     Summ           4%         N/A       36%         3
 Summon Guardian Golem    Hex/Summ       4%         N/A       36%         3
 Petrify                  Tmut/Erth      15%        N/A       36%         4
 Irradiate                Conj/Tmut      3%         3d12      95%         5


Dungeon Overview and Level Annotations

Branches:
Dungeon (5/15)
 Temple: D:4-7

Altars:

Shops:
D:2 :

Annotations:
D:4 Dowan, Duvessa


Innate Abilities, Weirdness & Mutations

You cannot wear most types of armour.
You are amphibious.
You can wear up to eight rings at the same time.
Your skin changes colour to match your surroundings (Stealth+).
Your rubbery body absorbs attacks. (AC +1, EV +1)
((You are camouflaged when in or above water. (Stealth+)))
You have tentacles for arms and can constrict up to eight enemies at once.


Message History

s - a scroll labelled NELEENLUAH An orc comes into view.
It is wielding a +0 falchion.
An orc is nearby!
You can't see any susceptible monsters within range! (Use Z to cast anyway.)
You can't see any susceptible monsters within range! (Use Z to cast anyway.)
You can't see any susceptible monsters within range! (Use Z to cast anyway.)
An orc comes into view. It is wielding a +0 dagger.
Found 15 gold pieces.
The orc shouts!
An orc comes into view.
It is wielding a +1 flail of protection.
An orc comes into view. It is wielding a +0 whip.
An orc comes into view. It is wielding a +0 whip.
The blast of sand misses the orc.
The orc shouts! x3; You hear a shout!
The blast of sand hits the orc.
The orc is heavily wounded.
An ogre comes into view. It is wielding a +0 giant club.
The orc hits you with a +0 dagger. The orc attacks as you move away!
The orc closely misses you.
The blast of sand misses the orc.
The blast of sand hits the orc!
You kill the orc!
The orc hits you with a +0 dagger.
The blast of sand hits the orc!
You kill the orc!
The blast of sand hits the orc!
You kill the orc!
You have reached level 6!
The blast of sand hits the orc!
You kill the orc!
The blast of sand misses the orc.
The blast of sand hits the ogre!
The ogre is heavily wounded.
The orc hits you with a +1 flail of protection.
The blast of sand hits the orc.
The orc is severely wounded.
The orc hits you with a +1 flail of protection!
The orc closely misses you.
The blast of sand misses the orc.
The ogre hits you with a +0 giant club!!
Ouch! That really hurt!
You die...

....... .#.o.O...
....#..##........
....#.#...oo.....
..........o......
.........########
...#..)###
###.).## ##.oO###
###@..## ###..###
##...## ###..###
##...### #
###...## ##
##...####.
###...#.. ##...##


You could see an ogre and an orc.

Vanquished Creatures
  Natasha (thrice) (D:3)
  An orc wizard (D:3)
  4 adders
  2 worms (D:2)
  A dart slug (D:3)
  6 orcs
  7 endoplasms
  3 giant cockroaches
  5 goblins
  6 hobgoblins
  12 jackals
  4 kobolds
  4 quokkas
  5 ball pythons
  6 bats
  5 rats
74 creatures vanquished.

Notes
Turn   | Place    | Note
-------+----------+-------------------------------------------
     0 | D:1      | Atelerd the Octopode Earth Elementalist began the quest for
                  | the Orb.
     0 | D:1      | Reached XP level 1. HP: 11/11 MP: 3/3
   251 | D:1      | Reached XP level 2. HP: 15/17 MP: 1/5
   933 | D:2      | Reached XP level 3. HP: 21/21 MP: 4/6
  1227 | D:2      | Reached XP level 4. HP: 26/27 MP: 5/8
  1582 | D:2      | Found Oshoomp's Vocational Training.
  2032 | D:3      | Found a faded altar of an unknown god.
  2100 | D:3      | Noticed Natasha
  2103 | D:3      | Killed Natasha
  2202 | D:3      | Reached XP level 5. HP: 31/31 MP: 8/10
  2207 | D:3      | Noticed Natasha
  2209 | D:3      | Killed Natasha
  2220 | D:3      | Noticed Natasha
  2224 | D:3      | Killed Natasha
  2825 | D:4      | Noticed Duvessa
  2825 | D:4      | Noticed Dowan
  2860 | D:5      | Entered Level 5 of the Dungeon
  2913 | D:5      | Noticed an ogre
  2922 | D:5      | Reached XP level 6. HP: 34/36 MP: 7/12
  2925 | D:5      | Mangled by an ogre

Illustrated notes

Levels and vault maps discovered:
D:1:      minmay_arrival_open_corners, layout_loops_cross
D:2:      layout_basic, minivault_24, nicolae_shop_vocational
D:3:      layout_loops_ring, ebering_ecumenical_altar_petrified, uniq_natasha
D:4:      layout_loops_ring, grunt_temple_overflow_diamond, uniq_duvessa
D:5:      layout_cave_pods, minmay_temple_entry_waves,
          minmay_misc_feat_secret_circle, uniq_grinder

Skill      XL: |  1  2  3  4  5 |
---------------+----------------+-----
Spellcasting   | 3 4 |  4.6
Earth Magic    | 4 |  4.4
Fighting       | |  0.2
Dodging        | |  2.0
Stealth        | |  2.6
Transmutations | |  1.2

Action                     |  1- 3 |  4- 6 || total
---------------------------+-------+-------++-------
  Melee: Dagger            |     9 |     1 ||    10
         Constrict         |     4 |       ||     4
         Tentacles         |     1 |       ||     1
   Cast: Sandblast         |    39 |    64 ||   103
 Armour: Skin              |       |     1 ||     1
  Dodge: Dodged            |    11 |    12 ||    23
